 Dungeon Crawl Stone Soup version 0.15-a0-244-g7dd1917 (webtiles) character file.

57 PolkaDot the Vexing (level 3, -1/24 HPs)
             Began as a Vampire Enchanter on Apr 26, 2014.
             Slain by an adder (3 damage)
             ... on Level 1 of the Dungeon.
             The game lasted 00:05:37 (1222 turns).

PolkaDot the Vexing (Vampire Enchanter)             Turns: 1222, Time: 00:05:37

HP  -1/24        AC  3     Str  7      XL: 3   Next: 19%
MP   0/6         EV 12     Int 17      God:
Gold 21          SH  0     Dex 15      Spells:  3 memorised,  0 levels left

rFire  . . .     SeeInvis +     a - +1,+2 dagger
rCold  + . .     Clarity  .     b - +1 robe
rNeg   + + .     Conserve .     (no shield)
rPois  +         rCorr    .     (no helmet)
rElec  .         rRot     +     (no cloak)
SustAb . .       Spirit   .     (no gloves)
rMut   .         Warding  .     (no boots)
Saprov . . .     Stasis   .     (no amulet)
MR     .....                    (no ring)
                                (no ring)

@: regenerating slowly, flying, lethally poisoned, very slightly contaminated,
not resistant to hostile enchantments, quite stealthy
A: fangs 3, see invisible, unbreathing
a: Bat Form


You were on level 1 of the Dungeon.
You were very thirsty.

You visited 1 branch of the dungeon, and saw 2 of its levels.

You collected 21 gold pieces.

Inventory:

Hand weapons
 a - a +1,+2 dagger (weapon)
Missiles
 d - 12 darts (quivered)
Armour
 b - a +1 robe (worn)
Scrolls
 g - a scroll of amnesia {unknown}
 h - a scroll of enchant weapon II
 i - a scroll of blinking {unknown}
 j - 2 scrolls of teleportation {unknown}
 l - 2 scrolls of identify {unknown}
 m - a scroll of recharging {unknown}
 o - a scroll of noise {unknown}
 p - a scroll of remove curse {unknown}
Potions
 e - a potion of blood {@w2}
Books
 c - a book of Maledictions

   Spells                             Type                      Level
   *Corona                            Hexes                        1
   Sure Blade                         Hexes/Charms                 2
   *Ensorcelled Hibernation           Hexes/Ice                    2
   *Confuse                           Hexes                        3
   Dazzling Spray                     Conjuration/Hexes            3
   Enslavement                        Hexes                        4


   Skills:
 + Level 1.4 Short Blades
 - Level 0.7 Throwing
 - Level 2.1 Dodging
 + Level 3.9 Stealth
 - Level 2.0 Spellcasting
 * Level 5.7 Hexes


You couldn't memorise any spells.
You knew the following spells:

 Your Spells              Type           Power        Failure   Level  Hunger
a - Corona                Hex            ###....      1%          1    #......
c - Confuse               Hex            ###.....     8%          3    ####...
d - Ensorcelled Hibernat  Hex/Ice        ##....       12%         2    ###....


Dungeon Overview and Level Annotations

Branches:
Dungeon (2/15)

Altars:


Innate Abilities, Weirdness & Mutations

You heal slowly.
You have razor-sharp teeth.*
You have supernaturally acute eyesight.
You can survive without breathing.*


Message History

* * * LOW HITPOINT WARNING * * *
Casting: Ensorcelled Hibernation
Confirm with . or Enter, or press ? or * to list all spells.
Aiming: Ensorcelled Hibernation
Press: ? - help, Shift-Dir - straight line, f - adder
Aim: an adder (moderately wounded)
You miscast Ensorcelled Hibernation.
You are very lightly contaminated with residual magic.
Your skin glows momentarily.
* * * LOW MAGIC WARNING * * *;
* * * LOW HITPOINT WARNING * * *
You feel sick. The adder barely misses you.
Drink which item? (? for menu, Esc to quit)
Okay, then.
Read which item? (? for menu, Esc to quit)
As you read the scroll labeled ESUURU MADIFY, it crumbles to dust.
It is a scroll of enchant weapon II.
Enchant which weapon? (? for menu, Esc to quit)
Your +1,+1 dagger glows red for a moment.
The adder bites you but does no damage. The adder bites you.
You die...

.#.........###...# ####### #.#
.#.(.####### #.### #.## .#...#
###.### #... .#...# #.....# ####
.#...#######.#.#.# ### #
.#...........#.#.###### ##.## #
..#.#.#####..#........###.#.#####
.#...........###S####.>..###.....
.........##.....@# #####.#.#####
.#.......#.......# ##.##
..#.#.#.......##.# ###
.#............##.#
.##........#..##.#
.##.###..[....##.#
###.######.##.##.# #.....#
#)....%.# #.....# ##......##


You could see an adder.

Vanquished Creatures
  An adder (D:1)
  A giant gecko (D:1)
  3 bats (D:1)
  2 giant cockroaches (D:1)
  6 hobgoblins (D:1)
  A giant newt (D:1)
  5 kobolds (D:1)
  8 rats
27 creatures vanquished.

Notes
Turn   | Place    | Note
--------------------------------------------------------------
     0 | D:1      | PolkaDot, the Vampire Enchanter, began the quest for the Orb.
     0 | D:1      | Reached XP level 1. HP: 13/13 MP: 3/3
   237 | D:1      | Reached XP level 2. HP: 11/19 MP: 2/4
   242 | D:1      | Reached skill level 5 in Hexes
   274 | D:1      | Learned a level 2 spell: Ensorcelled Hibernation
  1175 | D:2      | Reached XP level 3. HP: 24/24 MP: 6/6
  1180 | D:2      | Learned a level 3 spell: Confuse
  1222 | D:1      | Slain by an adder

Action                   || total
-------------------------++-------
Melee: Dagger            ||    68
 Cast: Corona            ||     6
       Ensorcelled Hiber ||    19
  Use: Potion            ||     3
       Scroll            ||     1
 Stab: Sleeping          ||    15
